Map: Overgrowth LE (Void)

Players

Amix

  • Race: Zerg Zerg
  • League: Platinum
  • Spawn Location: 7:00

ItsNoGood - Winner!

  • Race: Terran Terran
  • League: Platinum
  • Spawn Location: 1:00

VOD

Have the link to the VOD?

Description

Time

  • Played on: Dec. 21, 2016, 9:48 a.m.
  • Length: 9:48
Show
View Real Time Build Order
Export as new Build Order

Amix Zerg 

Build Orders: Hatch First 

Get SALT Encoding   

  12  0:01  Drone  
  13  0:08  Drone  
  14  0:17  Overlord  
  14  0:25  Extractor  
  14  0:26  Drone  
  15  0:35  Drone x2  
  17  0:53  Hatchery  
  17  0:56  Drone  
  17  1:01  Drone, Extractor  
  17  1:15  Spawning Pool  
  17  1:16  Drone  
  17  1:21  Drone  
  18  1:27  Drone  
  19  1:38  Overlord  
  19  1:51  Drone  
  20  1:59  Drone  
  20  2:01  Metabolic Boost  
  21  2:02  Queen  
  21  2:06  Queen  
  25  2:13  Drone  
  25  2:14  Drone  
  27  2:17  Drone  
  27  2:21  Drone  
  29  2:27  Zergling x2  
  30  2:33  Zergling x2  
  31  2:37  Drone  
  32  2:50  Queen  
  34  2:55  Pneumatized Carapace  
  34  2:59  Drone x2  
  34  3:03  Evolution Chamber  
  34  3:04  Zergling x2  
  36  3:05  Overlord x2  
  36  3:18  Overlord x2  
  36  3:25  Zergling x8  
  40  3:33  Zergling x8  
  44  3:38  Zergling x2  
  44  3:40  Overlord  
  45  3:55  Zergling x4  
  47  4:05  Zergling x12  
  53  4:22  Zergling x4  
  53  4:23  Zergling x4  
  57  4:27  Zergling x6  
  57  4:28  Queen, Zergling x2  
  57  4:29  Queen  
  65  4:34  Zergling x2  
  65  4:35  Zergling x2  
  65  4:36  Zergling x2  
  68  4:42  Overlord  
  57  5:02  Zergling x12  
  53  5:20  Zergling x4  
  53  5:21  Zergling x4  
  56  5:35  Zergling x4  
  41  6:15  Zergling x4  
  41  6:16  Zergling x8  
  47  6:26  Zerg Melee Weapons Level 1  
  47  6:36  Baneling Nest  
  46  7:02  Drone x5  
  46  7:03  Drone  
  46  7:06  Overlord x3  
  46  7:07  Overlord x2  
  52  7:18  Baneling Nest  
  51  7:38  Zergling x2  
  51  7:39  Zergling x16  
  46  8:25  Baneling x7  
  46  8:26  Baneling x9  
  46  8:27  Baneling  
  37  9:31  Spawning Pool  
  36  9:33  Drone x5  
  36  9:34  Drone x2  
Show
View Real Time Build Order
Export as new Build Order

ItsNoGood Terran - Winner!

Build Orders: Reaper Expand, MMM Bio 

Get SALT Encoding   

  12  0:01  SCV  
  13  0:13  SCV  
  14  0:20  Supply Depot  
  14  0:25  SCV  
  15  0:41  SCV  
  15  0:42  Barracks  
  16  0:50  Refinery  
  16  0:53  SCV  
  17  1:05  SCV  
  18  1:17  SCV  
  19  1:35  Orbital Command  
  19  1:38  Reaper  
  20  1:41  Command Center  
  20  1:54  Barracks  
  20  2:01  SCV  
  21  2:05  Refinery  
  21  2:11  Barracks Reactor  
  21  2:16  SCV  
  21  2:17  Supply Depot  
  22  2:33  Engineering Bay  
  22  2:35  SCV  
  23  2:48  Barracks Tech Lab  
  23  2:50  Marine x2  
  25  2:54  Orbital Command  
  25  2:57  SCV  
  26  2:59  Terran Infantry Weapons Level 1  
  26  3:08  Marine, Stimpack  
  26  3:09  Marine, SCV  
  29  3:21  SCV  
  29  3:22  Marine, SCV  
  32  3:27  Marine  
  32  3:28  Marine  
  34  3:39  SCV x2  
  36  3:41  Supply Depot  
  36  3:53  Marine x3  
  39  3:55  SCV  
  39  3:56  SCV  
  39  4:02  Factory  
  41  4:07  Supply Depot  
  41  4:08  SCV x2  
  43  4:10  Marine x2  
  43  4:11  Marine  
  46  4:20  SCV x2  
  48  4:28  Marine  
  48  4:30  Marine x2  
  51  4:32  Supply Depot  
  51  4:38  Refinery  
  51  4:40  SCV x2  
  53  4:46  Factory Reactor  
  53  4:48  Marine, Starport  
  53  4:49  Marine x2  
  53  4:52  SCV x2  
  41  5:10  Marine  
  41  5:11  Marine x2  
  28  5:25  Orbital Command  
  26  5:28  Marine  
  26  5:29  Marine x2  
  28  5:46  Marine x2  
  28  5:48  Marine  
  31  5:50  SCV  
  31  5:53  SCV  
  33  6:02  SCV  
  34  6:04  Marine x2  
  34  6:05  Marine  
  37  6:13  Medivac  
  37  6:14  Medivac  
  41  6:20  Orbital Command  
  41  6:22  Marine x2  
  41  6:23  Marine  
  44  6:38  Terran Infantry Armor Level 1  
  44  6:40  Marine x2  
  46  6:53  Supply Depot, Medivac x2  
  46  6:54  SCV x2  
  52  6:55  Marine, Supply Depot  
  52  6:57  Marine  
  52  7:00  Combat Shields  
  54  7:12  Supply Depot  
  54  7:14  Marine x2  
  56  7:22  Marine  
  57  7:23  SCV x2  
  57  7:26  Refinery  
  59  7:32  Marine  
  59  7:33  Marine  
  59  7:35  SCV  
  62  7:39  Supply Depot  
  62  7:40  Marine  
  62  7:41  Supply Depot  
  62  7:43  Command Center  
  63  7:50  Marine  
  63  7:51  Marine  
  64  7:53  Medivac x2  
  64  7:55  SCV x2  
  64  7:57  Marine  
  72  8:08  Marine  
  72  8:09  Marine  
  67  8:15  Marine  
  68  8:26  Marine  
  68  8:27  Marine  
  69  8:33  Marine  
  70  8:53  Marine x3  
  70  8:55  Medivac x2  
  56  9:10  Marine x2  
  56  9:11  Marine  
  59  9:28  Marine x2  
  59  9:30  Supply Depot  
Tags
 
Add a new tag
Caveats
  • Supply blocks, unpowered buildings, or Contaminate may cause inaccurate times.
  • Supply counts are checked every 10 seconds.